 Dungeon Crawl Stone Soup version 0.31-a0-836-g3ceb0a68c4 (webtiles) character file.

Game seed: 8999783087960231304

22360 freelancePsychic the Grappler (level 13, -14/120 HPs)
             Began as a Djinni Shapeshifter on Sept 26, 2023.
             Was an Initiate of Gozag.
             Demolished by a merfolk
             ... wielding a +0 trident
              (18 damage)
             ... on level 2 of the Lair of Beasts.
             The game lasted 00:19:37 (16188 turns).

freelancePsychic the Grappler (DjSh)               Turns: 16188, Time: 00:19:37

Health: -14/120    AC:  9    Str: 22    XL:     13   Next: 27%
Gold:   1670       EV: 17    Int: 14    God:    Gozag SH:  0 Dex: 12

rFire   . .          .
                       - Unarmed
rCold   . . .        (shield currently unavailable)
rNeg    + . .        i - melded +0 leather armour
rPois   ∞            (helmet currently unavailable)
rElec   .            w - melded scarf {rC+ rF+}
rCorr   .            (gloves currently unavailable)
SInv    .            (boots unavailable)
Will    +....        H - amulet of regeneration
Stlth   +            f - ring of positive energy
HPRegen 1.20/turn    s - +5 ring of evasion
MPRegen 0.00/turn

%: infuse magic (-15 HP)
@: snake-form, gold aura, flying
A: constrict, flying, boosted hp, sickness immunity, large, (fire resistance 2),
(cold vulnerability 1), float, innate caster, HP casting, extra vitality 1
a: Begin Untransformation, Renounce Religion, Potion Petition, Call Merchant,
Bribe Branch


You were on level 2 of the Lair of Beasts.
You worshipped Gozag.
Gozag was most pleased with you.
You were an enormous anaconda.
You visited 2 branches of the dungeon, and saw 14 of its levels.
You also visited: Sewer.

You collected 2997 gold pieces.
You spent 352 gold pieces at shops.
You paid 975 gold pieces to Gozag.

Inventory:

Missiles
 C - 5 throwing nets
Armour
 i - a +0 leather armour (melded)
 w - a scarf of resistance (melded)
Jewellery
 f - a ring of positive energy (left hand)
 s - a +5 ring of evasion (right hand)
 H - an amulet of regeneration (around neck)
Talismans
 c - a beast talisman
 d - a flux talisman
 j - a serpent talisman (active)
Wands
 t - a wand of flame (46)
 x - a wand of iceblast (9)
 y - a wand of paralysis (5)
Scrolls
 a - 2 scrolls of teleportation {@r4}
 l - 3 scrolls of enchant armour
 r - 2 scrolls of fog
 A - a scroll of vulnerability
 B - a scroll of revelation
 E - 2 scrolls of immolation
 F - a scroll of silence
 G - a scroll of fear
Potions
 b - 3 potions of brilliance {unknown}
 e - 4 potions of attraction {unknown}
 g - a potion of invisibility {unknown}
 h - 3 potions of ambrosia {unknown}
 k - 3 potions of curing {@q1}
 m - 3 potions of haste {@q3}
 n - 2 potions of degeneration
 o - a potion of enlightenment
 p - 2 potions of resistance
 q - 2 potions of might {unknown}
 u - a potion of mutation {unknown}
 v - 3 potions of berserk rage {unknown}
 z - a potion of cancellation {unknown}
 D - 3 potions of magic {unknown}


   Skills:
 * Level 11.7 Fighting
 * Level 8.3 Dodging
 * Level 14.3 Unarmed Combat
 + Level 10.7 Shapeshifting


You knew the following spells:

 Your Spells              Type           Power      Damage    Failure   Level
a - Sting                 Tmut/Pois      0%         1d3       28%         1
b - Passwall              Tmut/Erth      0%         N/A       41%         2
c - Ozocubu's Armour      Ice            0%         N/A       65%         3
d - Dispel Undead         Necr           0%         3d6       96%         4
e - Cause Fear            Hex            0%         N/A       96%         4
f - Fireball              Conj/Fire      0%         3d3       100%        5
Your spell library was empty.


Dungeon Overview and Level Annotations

Branches:
Dungeon (12/15)            Temple (0/1) D:7            Lair (2/5) D:8
    Orc (0/2) D:9           Sewer (visited)
  Swamp: Lair:2-3    Shoals: Lair:2-3     Snake: Lair:2-3    Spider: Lair:2-3

Altars:
Ashenzari
Gozag
Qazlal

Shops:
D:1 (   D:5 *   D:7 (   D:8 *   D:9 (*


Innate Abilities, Weirdness & Mutations

You are an enormous anaconda.
You have a powerful constriction melee attack.
You are flying.
Your maximum health is increased.
Your armour is entirely melded.
You are incapable of wielding weapons or throwing items.
You are immune to sickness and miasma.
You are immune to poison.
((Your flesh is very heat resistant. (rF++)))
((You are vulnerable to cold. (rC-)))
You float through the air rather than walking.
You learn spells naturally, not from books.
Your magical power is your life essence.
You have superior vitality. (+4 MHP)


Message History

You are too injured to fight recklessly!
You are too injured to fight recklessly!
You are too injured to fight recklessly!
You are too injured to fight recklessly!
You are too injured to fight recklessly!
You are too injured to fight recklessly!
You are too injured to fight recklessly!
You are too injured to fight recklessly!
You are too injured to fight recklessly!
You are too injured to fight recklessly!
You are too injured to fight recklessly!
You are too injured to fight recklessly!
You are too injured to fight recklessly!
You are too injured to fight recklessly!
You are too injured to fight recklessly!
You are too injured to fight recklessly!
You are too injured to fight recklessly!
The merfolk hits you from afar with a +0 trident.
You lash the yak! You grab the yak.
The yak is moderately wounded.
You constrict the yak. The yak closely misses you.
You hit the yak.
The yak is heavily wounded.
You constrict the yak.
The merfolk hits you from afar with a +0 trident!
You crush the yak!!!
You kill the yak!
The merfolk hits you from afar with a +0 trident!!
The merfolk hits you from afar with a +0 trident!!
* * * LOW HITPOINT WARNING * * *
The merfolk misses you. The merfolk hits you with a +0 trident!
* * * LOW HITPOINT WARNING * * *
You see here 15 gold pieces.
You barely miss the merfolk. Your grab misses the merfolk.
The merfolk hits you from afar with a +0 trident!
* * * LOW HITPOINT WARNING * * *
The merfolk hits you but does no damage.
The merfolk hits you with a +0 trident!!
You die...
Your body crumbles into a pile of gold.

### # ####.### #
#......####### #
##S###.......######
#m## #P..###..##.##
#.~mm#
######........
###..# #..#####P
#..# #..# ## ....
#...# # .##.# #P..#
. . ### #P... .. .
..... ##.


You could see 3 merfolk.

Vanquished Creatures
  Azrael (D:12)
  Harold (D:9)
  A catoblepas (Lair:2)
  Erica (D:9)
  3 boulder beetles
  2 cyclopes
  4 cane toads (Lair:1)
  A komodo dragon (Lair:1)
  A kobold demonologist (D:11)
  2 unseen horrors
  A polar bear (Lair:2)
  A merfolk (Lair:2)
  A troll (D:11)
  A hornet (D:7)
  6 blink frogs (Lair:1)
  Sigmund (D:5)
  9 slime creatures (D:11)
  5 shadows
  3 wraiths (D:12)
  4 fire elementals (D:12)
  5 wyverns
  17 yaks
  3 basilisks
  A steam dragon (D:7)
  A hell hound (D:12)
  An acid dragon (D:9)
  8 water moccasins
  2 orc warriors
  2 ice beasts
  2 black bears
  3 wolves (D:8)
  6 centaurs
  An ogre (D:4)
  A phantom (D:9)
  15 kobold brigands
  10 bullfrogs
  3 scorpions
  3 troll zombies (D:9)
  6 killer bees (D:8)
  3 howler monkeys (D:10)
  2 hounds
  2 gnoll boudas
  6 orc priests
  7 iguanas
  Natasha (thrice) (D:4)
  4 orc wizards
  3 ogre zombies (D:9)
  10 gnolls
  10 adders
  2 shadow imps
  A white imp (D:8)
  2 ufetubi (D:6)
  5 worms
  2 dart slugs
  38 orcs
  7 endoplasms
  5 giant cockroaches
  6 hobgoblins
  8 jackals
  3 quokkas
  6 ball pythons
  9 bats
  4 frilled lizards
  10 goblins
  2 goblin skeletons (D:9)
  A goblin zombie (D:9)
  2 hobgoblin zombies (D:9)
  29 kobolds
  4 orc skeletons (D:9)
  10 orc zombies (D:9)
  8 rats
353 creatures vanquished.

Notes
Turn   | Place    | Note
-------+----------+-------------------------------------------
     0 | D:1      | freelancePsychic the Djinni Shapeshifter began the quest
                  | for the Orb.
     0 | D:1      | Reached XP level 1. HP: 17/17 MP: 0/0
   250 | D:1      | Reached XP level 2. HP: 8/22 MP: 0/0
   446 | D:1      | Found Cocets's Antique Weapon Emporium.
   546 | D:1      | Reached XP level 3. HP: 21/27 MP: 0/0
   546 | D:1      | Learned a level 1 spell: Sting
  1093 | D:2      | Reached XP level 4. HP: 33/33 MP: 0/0
  1655 | D:3      | Noticed an ice beast
  1670 | D:3      | Killed an ice beast
  1671 | D:3      | Reached skill level 4 in Unarmed Combat
  1671 | D:3      | Reached XP level 5. HP: 39/39 MP: 0/0
  1671 | D:3      | Learned a level 2 spell: Passwall
  1703 | D:3      | Found a glowing drain.
  1740 | Sewer    | Entered a sewer
  1983 | Sewer    | Noticed a kobold brigand
  2013 | Sewer    | Killed a kobold brigand
  2014 | Sewer    | Reached XP level 6. HP: 15/45 MP: 0/0
  2265 | D:3      | Identified the +5 pair of boots of the Amoeba {+Inv rC+
                  | Int+3}
  3241 | D:4      | You are sucked into a shaft and drop 1 floor!
  3241 | D:5      | Entered Level 5 of the Dungeon
  3241 | D:5      | Found Gozag's Platinum Reserve.
  3241 | D:5      | Found an opulent altar of Gozag.
  3251 | D:5      | Became a worshipper of Gozag Ym Sagoz the Greedy
  3346 | D:4      | Reached XP level 7. HP: 50/50 MP: 0/0
  3346 | D:4      | Learned a level 3 spell: Ozocubu's Armour
  3442 | D:4      | Reached skill level 5 in Shapeshifting
  3854 | D:4      | Noticed Natasha
  3858 | D:4      | Killed Natasha
  3962 | D:4      | Noticed Natasha
  3967 | D:4      | Killed Natasha
  3997 | D:4      | Reached XP level 8. HP: 44/58 MP: 0/0
  4177 | D:4      | Noticed Natasha
  4186 | D:4      | Killed Natasha
  4990 | D:5      | Noticed Sigmund
  5225 | D:6      | Reached skill level 5 in Fighting
  5643 | D:6      | Reached skill level 5 in Unarmed Combat
  6212 | D:5      | Killed Sigmund
  6213 | D:5      | Reached skill level 6 in Unarmed Combat
  6213 | D:5      | Reached XP level 9. HP: 55/66 MP: 0/0
  6213 | D:5      | Learned a level 4 spell: Dispel Undead
  6412 | D:7      | Noticed a hornet
  6795 | D:6      | Reached skill level 7 in Unarmed Combat
  7009 | D:7      | Identified the +5 dagger of Ruossy {elec, Fly SInv}
  7047 | D:7      | Found Vaonnil's Antique Weapon Shop.
  7108 | D:7      | Found a staircase to the Ecumenical Temple.
  7571 | D:7      | Reached skill level 8 in Unarmed Combat
  7905 | D:7      | Killed a hornet
  8393 | D:8      | Found Vayn Xet's Neck Hole.
  8693 | D:8      | Bought a scarf of resistance for 352 gold pieces
  8733 | D:8      | Reached XP level 10. HP: 42/75 MP: 0/0
  8740 | D:8      | Reached skill level 9 in Unarmed Combat
  9033 | D:8      | Reached skill level 10 in Unarmed Combat
  9371 | D:8      | Found a staircase to the Lair.
  9693 | D:8      | Found a broken altar of Ashenzari.
  9761 | D:8      | Found a stormy altar of Qazlal.
 10395 | D:9      | Found Nilor's Antique Weapon Boutique.
 10431 | D:9      | Noticed Erica
 10440 | D:9      | Killed Erica
 10623 | D:9      | Reached skill level 11 in Unarmed Combat
 10760 | D:9      | Reached XP level 11. HP: 78/82 MP: 0/0
 10760 | D:9      | Learned a level 4 spell: Cause Fear
 10802 | D:9      | Found a staircase to the Orcish Mines.
 11065 | D:9      | Noticed Harold
 11082 | D:9      | Killed Harold
 11583 | D:10     | Entered Level 10 of the Dungeon
 11741 | D:10     | Reached skill level 10 in Shapeshifting
 11747 | D:10     | Reached skill level 12 in Unarmed Combat
 12450 | D:11     | Noticed a boulder beetle
 12466 | D:11     | Killed a boulder beetle
 12692 | D:11     | Reached skill level 10 in Fighting
 13047 | D:11     | Noticed a cyclops
 13053 | D:11     | Killed a cyclops
 13056 | D:11     | Reached skill level 13 in Unarmed Combat
 13056 | D:11     | Reached XP level 12. HP: 83/91 MP: 0/0
 13202 | D:11     | Reached skill level 5 in Dodging
 14156 | D:12     | Noticed Azrael
 14170 | D:12     | Killed Azrael
 14418 | D:12     | Identified the +2 robe "Jud Naaseq" {Rampage Will+}
 14435 | D:12     | Noticed a boulder beetle
 14449 | D:12     | Killed a boulder beetle
 14591 | D:12     | Noticed a boulder beetle
 14606 | D:12     | Killed a boulder beetle
 15192 | Lair:1   | Entered Level 1 of the Lair of Beasts
 15383 | Lair:1   | Reached skill level 14 in Unarmed Combat
 15420 | Lair:1   | Reached XP level 13. HP: 99/99 MP: 0/0
 15420 | Lair:1   | Learned a level 5 spell: Fireball
 16107 | Lair:2   | Noticed a catoblepas
 16114 | Lair:2   | Killed a catoblepas
 16188 | Lair:2   | HP: 4/120 [merfolk/+0 trident (17)]
 16188 | Lair:2   | Demolished by a merfolk

Illustrated notes

Levels and vault maps discovered:
D:1:      eino_arrival_water_cross, layout_loops_corners, serial_shops, shop
D:2:      layout_basic, hex_large
D:3:      layout_loops_corners, cheibrodos_sewer_entry_sluice
D:4:      layout_basic, serial_rivers, chequers_serial_rivers_small_a,
          chequers_serial_rivers_micro_e, chequers_serial_rivers_room_a,
          chequers_serial_rivers_micro_d, chequers_serial_rivers_micro_b,
          minmay_manual_mess, uniq_natasha
D:5:      layout_loops_ring, nicolae_gozag_zags_fifth_avenue,
          minmay_misc_feat_chi, kennysheep_dice, uniq_sigmund
D:6:      layout_basic
D:7:      layout_layer_cave, minmay_temple_entry_junction_2, serial_shops, shop,
          minivault_4
D:8:      layout_basic, mainiacjoe_overflow_catch_the_wave,
          minmay_lair_entry_grove, nicolae_shop_sticking_my_neck_out
D:9:      layout_long_grid, zombieorc1_lemuel, serial_shops, shop, uniq_harold,
          uniq_erica
D:10:     layout_cave_pools, nicolae_vehumet_altar_sigil,
          nicolae_elevator_lobby_asterisk
D:11:     layout_rooms, special_room [special_room_kobold]
D:12:     layout_roguey, reono_crystal_passage, uniq_azrael
Lair:1:   layout_small_grid, serial_bayou_lagoon_b
Lair:2:   layout_loops_ring, elwin_shoals_entry_stream, uniq_sonja

Skill      XL: |  1  2  3  4  5  6  7  8  9 10 11 12 13 |
---------------+----------------------------------------+-----
Shapeshifting  | 3 4 5 7 9 10 | 10.7
Fighting       | 2 3 4 5 7 8 10 11 | 11.7
Unarmed Combat | 4 6 8 11 13 14 | 14.3
Dodging        | 4 7 8 |  8.3

Action                     |  1- 3 |  4- 6 |  7- 9 | 10-12 | 13-15 || total
---------------------------+-------+-------+-------+-------+-------++-------
  Melee: Unarmed           |    98 |   212 |   414 |   536 |    63 ||  1323
         Punch             |     2 |     3 |     5 |       |       ||    10
         Constrict         |       |       |       |    62 |    15 ||    77
 Invoke: Potion Petition   |       |       |       |     1 |       ||     1
         Call Merchant     |       |       |       |     1 |       ||     1
  Evoke: Wand              |       |       |       |     5 |       ||     5
    Use: Scroll            |     1 |     5 |     7 |     6 |       ||    19
         Potion            |       |     1 |     6 |     8 |       ||    15
   Stab: Distracted        |       |       |     1 |     6 |       ||     7
         Sleeping          |       |       |       |     1 |       ||     1
 Armour: Leather armour    |    50 |    88 |   245 |    64 |       ||   447
         Animal skin       |     1 |       |       |       |       ||     1
         Skin              |       |    11 |       |   199 |    40 ||   250
  Dodge: Dodged            |    65 |   100 |   318 |   298 |    35 ||   816
   Form: Flux              |       |       |     1 |       |       ||     1
         Anaconda          |       |       |       |     1 |       ||     1

Table legend: (Time is in decaauts)
 A = Elapsed time spent in this place.
 B = Non-inter-level travel time spent in this place.
 C = Inter-level travel time spent in this place.
 D = Time resting spent in this place.
 E = Time spent auto-exploring this place.
 F = Levels seen in this place.
 G = Mean time per level.
                   A        B        C        D        E       F      G
               +--------+--------+--------+--------+--------+-----+--------+
         Total |  15958 |  15317 |    641 |    211 |  12590 |  15 | 1063.9 |
       Dungeon |  14562 |  13962 |    600 |    211 |  11552 |  12 | 1213.5 |
          Lair |    969 |    928 |     41 |      0 |    736 |   2 |  484.5 |
         Sewer |    427 |    427 |      0 |      0 |    302 |   1 |  427.0 |
               +--------+--------+--------+--------+--------+-----+--------+

Top non-repeatable levels by time:
     D:8: 1891 daAuts
     D:7: 1582 daAuts
    D:12: 1438 daAuts
     D:9: 1409 daAuts
     D:6: 1330 daAuts
     D:4: 1237 daAuts
    D:11: 1119 daAuts
     D:3: 1060 daAuts
     D:5: 1038 daAuts
     D:1: 1021 daAuts
  Lair:1: 892 daAuts
    D:10: 849 daAuts
     D:2: 584 daAuts
   Sewer: 427 daAuts
  Lair:2: 76 daAuts
